 Dungeon Crawl Stone Soup version 0.29-a0-1033-gb6c65ffae6 (webtiles) character file.

Game seed: 123521897577205214

10861 inmateoo the Grappler (level 11, 0/87 HPs)
             Began as a Demonspawn Fighter on Aug 14, 2022.
             Was a High Priest of Cheibriados.
             Slain by Snorg (14 damage)
             ... on level 11 of the Dungeon.
             The game lasted 00:15:04 (10731 turns).

inmateoo the Grappler (Demonspawn Fighter)         Turns: 10731, Time: 00:15:05

Health: 0/87       AC: 19    Str: 36    XL:     11   Next: 41%
Magic:  15/15      EV: 18    Int: 23    God:    Cheibriados [*****.]
Gold:   862        SH: 13    Dex: 26    Spells: 2/14 levels left

rFire   . . .      SeeInvis .     - Unarmed
rCold   + + .      Faith    .   b - +0 buckler
rNeg    . . .      Spirit   .   B - +2 chain mail {rC+}
rPois   .          Reflect  .   (helmet restricted)
rElec   .          Harm     .   f - +0 cloak
rCorr   .          Rampage  .   s - +2 pair of gloves
Will    .....                   g - +1 pair of boots
Stlth   ..........              (no amulet)
HPRegen 0.24/turn               k - ring of protection from cold
MPRegen 0.14/turn               t - +6 ring of strength

@: agile, studying Fighting, very slow
A: horns 1, large bone plates 2, ignite blood 2, powered by pain 1
a: Renounce Religion, Bend Time, Temporal Distortion, Slouch, Step From Time


You were on level 11 of the Dungeon.
You worshipped Cheibriados.
Cheibriados was extremely pleased with you.
You visited 1 branch of the dungeon, and saw 11 of its levels.
You also visited: Sewer.

You collected 862 gold pieces.

Inventory:

Armour
 b - a +0 buckler (worn)
 f - a +0 cloak (worn)
 g - a +1 pair of boots (worn)
 s - a +2 pair of gloves (worn)
 y - the -2 pair of boots of the Serpent {Str+6}
   (You found it on level 8 of the Dungeon)

   Str:       It affects your strength (+6).
 B - a +2 chain mail of cold resistance (worn)
Jewellery
 k - a ring of protection from cold (left hand)
 t - a +6 ring of strength (right hand)
Wands
 u - a wand of flame (63)
 x - a wand of mindburst (3)
 E - a wand of polymorph (5)
 G - a wand of charming (6)
Scrolls
 a - 7 scrolls of teleportation
 m - a scroll of butterflies
 n - a scroll of enchant armour
 q - 2 scrolls of fear
 w - 3 scrolls of magic mapping
 z - a scroll of blinking
 A - a scroll of poison
Potions
 c - 3 potions of might
 d - 4 potions of mutation {unknown}
 e - 2 potions of brilliance
 h - 3 potions of resistance {unknown}
 i - 6 potions of haste {unknown}
 j - a potion of lignification {unknown}
 l - 5 potions of heal wounds {unknown}
 o - 8 potions of curing
 r - 2 potions of flight
 v - a potion of invisibility
 D - a potion of magic
 F - a potion of cancellation


   Skills:
 + Level 8.4 Fighting
 + Level 7.1 Armour
 + Level 4.6 Dodging
 + Level 7.2 Shields
 * Level 9.5 Unarmed Combat
 + Level 2.4 Spellcasting
 * Level 2.6 Transmutations
 * Level 0.2 Earth Magic
 * Level 6.6 Invocations


You had 2 spell levels left.
You knew the following spells:

 Your Spells              Type           Power      Damage    Failure   Level
a - Wereblood             Tmut           15%        N/A       26%         2
b - Passwall              Tmut/Erth      7%         N/A       41%         2
c - Stone Arrow           Conj/Erth      6%         3d7       83%         3
d - Lee's Rapid Deconstr  Erth           1%         3d5*      100%        5

Your spell library contained the following spells:

 Spells                   Type           Power      Damage    Failure   Level
 Sting                    Tmut/Pois      32%        1d4       30%         1
 Sandblast                Erth           6%         2d5       43%         1
 Summon Small Mammal      Summ           8%         N/A       47%         1
 Poisonous Vapours        Pois/Air       4%         N/A       63%         2
 Sublimation of Blood     Necr           2%         N/A       63%         2
 Call Canine Familiar     Summ           2%         N/A       85%         3
 Inner Flame              Hex/Fire       2%         N/A       85%         3
 Summon Guardian Golem    Hex/Summ       2%         N/A       85%         3
 Cause Fear               Hex            1%         N/A       99%         4
 Corpse Rot               Necr/Pois/Air  2%         N/A       99%         4
 Dispel Undead            Necr           2%         3d7       99%         4
 Fulminant Prism          Conj/Hex       1%         3d6       99%         4
 Iskenderun's Mystic Bla  Conj/Tloc      2%         2d3       99%         4
 Olgreb's Toxic Radiance  Pois           2%         N/A       99%         4
 Death Channel            Necr           1%         N/A       100%        6
 Summon Hydra             Summ           1%         N/A       100%        7
 Discord                  Hex            1%         N/A       100%        8


Dungeon Overview and Level Annotations

Branches:
Dungeon (11/15)            Temple (0/1) D:7            Lair (0/5) D:11
    Orc (0/2) D:11          Sewer (visited)

Altars:
Ashenzari
Cheibriados
Fedhas
Gozag
Kikubaaqudgha
Nemelex Xobeh
Okawaru
Qazlal
Uskayaw
Xom

Shops:
D:5 =(   D:7 :   D:9 :   D:11 *

Annotations:
D:11 Snorg


Innate Abilities, Weirdness & Mutations

You have a pair of small horns on your head.
You are mostly covered in large bone plates. (SH +6)
Your demonic aura often causes spilled blood to erupt in flames.
You sometimes gain a little power by taking damage.


Message History

You kill the yak!
Cheibriados thoroughly appreciates the change of pace.
You barely miss Snorg. You headbutt Snorg!
Snorg is moderately wounded.
Snorg is engulfed in blazing flames.
You block Snorg's attack. x2
Snorg misses you.
The black bear is engulfed in blazing flames.
You punch Snorg! You headbutt Snorg!
Snorg is moderately wounded.
You block Snorg's attack. x3; Snorg bites you but does no damage.
Snorg closely misses you. You block Snorg's attack.
The black bear is engulfed in blazing flames.
The black bear goes berserk!
The black bear is engulfed in blazing flames.
You hit Snorg. Your headbutt misses Snorg.
Snorg is moderately wounded.
Snorg bites you! Snorg barely misses you. You block Snorg's attack.
The black bear is engulfed in blazing flames.
The black bear is engulfed in blazing flames.
You kill the black bear!
Cheibriados thoroughly appreciates the change of pace.
Snorg is engulfed in blazing flames.
Snorg barely misses you. Snorg misses you. You block Snorg's attack.
Snorg is engulfed in blazing flames.
Snorg bites you! Snorg claws you! Snorg barely misses you.
You closely miss Snorg.
Snorg is heavily wounded.
Snorg is engulfed in blazing flames.
Snorg misses you. x2
You block Snorg's attack.
You hit Snorg but do no damage. You headbutt Snorg, but do no damage.
Snorg is heavily wounded.
Snorg is engulfed in blazing flames.
Snorg bites you!!
* * * LOW HITPOINT WARNING * * *
Snorg barely misses you. You block Snorg's attack.
You pummel Snorg!!
Snorg is severely wounded.
Snorg is engulfed in blazing flames.
Snorg closely misses you. You block Snorg's attack. Snorg claws you!
* * * LOW HITPOINT WARNING * * *
Snorg is engulfed in blazing flames.
Snorg bites you!
You die...

.......#...###.
.$..
.######...#.#.###.
...>
..................
.....
######.#.#...#...
P....
#...#.#.#...##
......
#.###.#.....#
#.$...# #.#
#.###.#.#
.......#######.#
#.....#.#
#..†hT@§...# ###..
# # #.########## #
# ##### #.##....
#...<...


You could see Snorg (berserk) and a black bear.

Vanquished Creatures
  A two-headed ogre (D:10)
  Joseph (D:7)
  A manticore (D:8)
  A kobold demonologist (D:9)
  A komodo dragon (D:7)
  2 trolls
  A hornet (D:7)
  Sigmund (D:3)
  9 yaks
  A vampire (D:9)
  2 steam dragons
  2 vampire mosquitoes (D:11)
  A water moccasin (D:6)
  Duvessa (D:4)
  2 acid dragons (D:9)
  2 ice beasts (D:5)
  3 orc warriors
  4 black bears
  2 sky beasts
  4 ogres
  A centaur (D:10)
  3 phantoms
  6 kobold brigands
  2 gnoll sergeants
  9 bullfrogs
  2 necrophages (D:5)
  7 scorpions
  14 wights
  Dowan (D:4)
  10 killer bees
  2 howler monkeys (D:7)
  A gnoll bouda (D:5)
  4 orc priests
  5 hounds
  4 jellies
  Crazy Yiuf (D:2)
  12 iguanas
  9 orc wizards
  Robin (D:2)
  15 adders
  9 gnolls
  2 river rats (Sewer)
  2 shadow imps (D:5)
  2 white imps
  3 ufetubi
  7 worms
  2 dart slugs
  25 orcs
  6 ball pythons
  3 bats
  7 endoplasms
  2 giant cockroaches
  12 goblins
  8 hobgoblins
  15 jackals
  20 kobolds
  4 quokkas
  9 frilled lizards
  12 rats
  2 butterflies (D:7)
303 creatures vanquished.

Vanquished Creatures (others)
  A wyvern (D:11)
  A human (D:10)
  An orc wizard (D:7)
  5 fungi (D:2)
  7 plants (D:7)
15 creatures vanquished.

Grand Total: 318 creatures vanquished

Notes
Turn   | Place    | Note
-------+----------+-------------------------------------------
     0 | D:1      | inmateoo the Demonspawn Fighter began the quest for the
                  | Orb.
     0 | D:1      | Reached XP level 1. HP: 18/18 MP: 1/1
    76 | D:1      | Reached skill level 2 in Unarmed Combat
    82 | D:1      | Gained mutation: You are partially covered in large bone
                  | plates. (SH +4) [demonic ancestry]
    82 | D:1      | Reached XP level 2. HP: 13/24 MP: 2/2
   464 | D:1      | Found a faded altar of an unknown god.
   581 | D:1      | Found a snail-covered altar of Cheibriados.
   851 | D:2      | Gained mutation: You are mostly covered in large bone
                  | plates. (SH +6) [demonic ancestry]
   851 | D:2      | Reached XP level 3. HP: 28/29 MP: 3/3
  1014 | D:2      | Found a runed translucent door.
  1015 | D:2      | Noticed Crazy Yiuf
  1095 | D:2      | Gained mutation: You have a pair of small horns on your
                  | head. [demonic ancestry]
  1095 | D:2      | Reached XP level 4. HP: 24/35 MP: 4/4
  1360 | D:2      | Noticed Robin
  1393 | D:2      | Reached skill level 3 in Unarmed Combat
  1997 | D:2      | Killed Robin
  2338 | D:3      | Reached XP level 5. HP: 35/42 MP: 5/5
  2720 | D:3      | Gained mutation: Your demonic aura sometimes causes spilled
                  | blood to erupt in flames. [demonic ancestry]
  2720 | D:3      | Reached XP level 6. HP: 47/47 MP: 6/6
  2744 | D:3      | Found a glowing drain.
  2762 | Sewer    | Entered a sewer
  2868 | Sewer    | Reached skill level 4 in Unarmed Combat
  3191 | Sewer    | Reached XP level 7. HP: 44/55 MP: 7/7
  3598 | D:3      | Noticed Sigmund
  3604 | D:3      | Killed Sigmund
  3605 | D:3      | Reached skill level 5 in Unarmed Combat
  3691 | D:4      | Noticed Duvessa
  3696 | D:4      | Noticed Dowan
  3846 | D:4      | Killed Duvessa
  3847 | D:4      | Reached skill level 5 in Fighting
  3862 | D:4      | Killed Dowan
  3863 | D:4      | Reached XP level 8. HP: 7/62 MP: 8/8
  4519 | D:5      | Entered Level 5 of the Dungeon
  4530 | D:5      | Reached skill level 6 in Unarmed Combat
  4654 | D:5      | Found Hasok's Antique Weapon Boutique.
  4667 | D:5      | Reached skill level 5 in Armour
  4667 | D:5      | Reached skill level 5 in Shields
  4792 | D:1      | Became a worshipper of Cheibriados the Contemplative
  4859 | D:2      | Killed Crazy Yiuf
  5037 | D:5      | Reached skill level 1 in Invocations
  5059 | D:5      | Found Doucs's Jewellery Shoppe.
  5203 | D:5      | Reached * piety under Cheibriados
  5304 | D:5      | Reached skill level 1 in Dodging
  5323 | D:5      | Gained mutation: You sometimes gain a little power by
                  | taking damage. [demonic ancestry]
  5323 | D:5      | Reached XP level 9. HP: 64/69 MP: 10/10
  5389 | D:5      | Reached skill level 7 in Unarmed Combat
  5755 | D:6      | Reached ** piety under Cheibriados
  5805 | D:6      | Found a hide-covered altar of Uskayaw.
  6072 | D:6      | Found an opulent altar of Gozag.
  6290 | D:6      | Reached *** piety under Cheibriados
  6339 | D:6      | Reached skill level 8 in Unarmed Combat
  6428 | D:6      | Found a broken altar of Ashenzari.
  6428 | D:6      | Found a faded altar of an unknown god.
  6436 | D:6      | Found a faded altar of an unknown god.
  6438 | D:6      | Found an iron altar of Okawaru.
  6440 | D:6      | Found a snail-covered altar of Cheibriados.
  6598 | D:7      | Reached XP level 10. HP: 62/77 MP: 13/13
  6836 | D:7      | Found a staircase to the Ecumenical Temple.
  7242 | D:7      | Reached skill level 5 in Invocations
  7243 | D:7      | Reached **** piety under Cheibriados
  7276 | D:7      | Noticed Joseph
  7288 | D:7      | Killed Joseph
  7574 | D:7      | Found Eczur's Book Emporium.
  7696 | D:7      | Learned a level 2 spell: Wereblood
  7855 | D:8      | Identified the -2 pair of boots of the Serpent {Str+6}
  7901 | D:8      | Identified a scroll of acquirement
  7901 | D:8      | Acquired a manual of Fighting
  8001 | D:8      | Noticed a manticore
  8012 | D:8      | Killed a manticore
  8013 | D:8      | Reached skill level 1 in Transmutations
  8114 | D:8      | Found a shimmering altar of Xom.
  8174 | D:8      | Reached skill level 1 in Spellcasting
  8751 | D:9      | Reached skill level 9 in Unarmed Combat
  8828 | D:9      | Found a stormy altar of Qazlal.
  8884 | D:9      | Reached ***** piety under Cheibriados
  8898 | D:9      | Gained mutation: Your demonic aura often causes spilled
                  | blood to erupt in flames. [demonic ancestry]
  8898 | D:9      | Reached XP level 11. HP: 30/86 MP: 15/15
  9092 | D:9      | Found a sparkling altar of Nemelex Xobeh.
  9301 | D:9      | Found the +1 cloak of Starlight {*Dazzle EV+4 Stlth--}
  9334 | D:9      | Found a blossoming altar of Fedhas.
  9777 | D:9      | Found Gixyiq's Book Boutique.
  9807 | D:10     | Entered Level 10 of the Dungeon
  9910 | D:10     | Noticed a two-headed ogre
  9916 | D:10     | Killed a two-headed ogre
 10038 | D:10     | Found an ancient bone altar of Kikubaaqudgha.
 10600 | D:11     | Found Qiypoich's Overcharged Wands.
 10661 | D:11     | Found a staircase to the Orcish Mines.
 10678 | D:11     | Learned a level 2 spell: Passwall
 10682 | D:11     | Learned a level 3 spell: Stone Arrow
 10688 | D:11     | Learned a level 5 spell: Lee's Rapid Deconstruction
 10713 | D:11     | Noticed Snorg
 10714 | D:11     | Found a staircase to the Lair.
 10731 | D:11     | Slain by Snorg

Illustrated notes

Levels and vault maps discovered:
D:1:      sevenhm_arrival_forest_fort_small_6, layout_basic,
          ebering_ecumenical_altar_webs, serial_glass, glass_columns_a,
          glass_columns_b, glass_columns_a, glass_columns_b, glass_columns_a,
          glass_columns_b, glass_columns_b, glass_columns_a
D:2:      layout_rooms, uniq_robin, uniq_crazy_yiuf_cottage
D:3:      layout_loops_ring, gup_sewer_entry_bubbles, minmay_hedge_maze,
          uniq_sigmund
D:4:      layout_rooms, uniq_duvessa
D:5:      layout_basic, serial_shops, shop, shop_statue, minmay_joined_circles
D:6:      layout_basic, chequers_temple_overflow_minitemple,
          mainiacjoe_overflow_six_doors_small, nicolae_overflow_crystal_walls,
          minmay_misc_feat_chi
D:7:      layout_basic, minmay_temple_entry_butterflies, serial_shops,
          nicolae_shop_hallway_stairs,
          hangedman_abyss_or_decor_jellyfish_corner, grunt_decor_resistance,
          minmay_lizard_king, uniq_joseph
D:8:      layout_rooms, mainiacjoe_overflow_paths, old_standard_altar,
          due_unseen_surprise
D:9:      layout_long_grid, lemuel_round_altar, amcnicky_altar_gilded,
          general_overflow_altar, nemelex_spade_bored_becter, serial_shops,
          nicolae_lakefront_shop
D:10:     layout_loops_ring, tgw_kikubaaqudgha, nicolae_fountain_basement
D:11:     lemuel_ice_spiral_2, layout_basic, david_lair_generic, orc_0_dummy,
          serial_shops, nicolae_shop_hallway_stairs,
          nicolae_shop_overcharged_wands, uniq_snorg, uniq_gastronok

Skill      XL: |  1  2  3  4  5  6  7  8  9 10 11 |
---------------+----------------------------------+-----
Unarmed Combat | 2 3 4 5 6 8 9 |  9.5
Shields        | 3 4 5 6 7 |  7.2
Armour         | 3 4 5 6 7 |  7.1
Fighting       | 4 5 6 7 8 |  8.4
Invocations    | 1 4 6 |  6.6
Dodging        | 1 3 4 |  4.6
Transmutations | 1 2 |  2.6
Spellcasting   | 1 2 |  2.4
Earth Magic    | |  0.2

Action                   |  1- 3 |  4- 6 |  7- 9 | 10-12 || total
-------------------------+-------+-------+-------+-------++-------
Melee: Unarmed           |   189 |   275 |   472 |   273 ||  1209
       Headbutt          |       |    42 |   102 |    72 ||   216
Evoke: Wand              |       |     4 |     7 |     7 ||    18
  Use: Scroll            |     2 |     1 |     8 |    10 ||    21
 Stab: Confused          |       |       |       |     1 ||     1
Armor: Scale mail        |    55 |       |       |       ||    55
       Plate armour      |    76 |   112 |   153 |    24 ||   365
       Chain mail        |       |       |       |    61 ||    61
Dodge: Dodged            |    58 |    33 |    67 |   110 ||   268
Block: Buckler           |    89 |   130 |   229 |   186 ||   634

Table legend: (Time is in decaauts)
 A = Elapsed time spent in this place.
 B = Non-inter-level travel time spent in this place.
 C = Inter-level travel time spent in this place.
 D = Time resting spent in this place.
 E = Time spent auto-exploring this place.
 F = Levels seen in this place.
 G = Mean time per level.
                   A        B        C        D        E       F      G
               +--------+--------+--------+--------+--------+-----+--------+
         Total |  13530 |  12982 |    548 |   2366 |   7630 |  12 | 1127.5 |
       Dungeon |  12709 |  12161 |    548 |   2309 |   7234 |  11 | 1155.4 |
         Sewer |    821 |    821 |      0 |     57 |    396 |   1 |  821.0 |
               +--------+--------+--------+--------+--------+-----+--------+

Top non-repeatable levels by time:
     D:7: 1735 daAuts
     D:9: 1696 daAuts
     D:8: 1422 daAuts
     D:1: 1410 daAuts
    D:10: 1289 daAuts
     D:5: 1130 daAuts
     D:6: 1059 daAuts
     D:2: 936 daAuts
     D:3: 920 daAuts
     D:4: 835 daAuts
   Sewer: 821 daAuts
    D:11: 271 daAuts
